 Dungeon Crawl Stone Soup version 0.27.1-33-g824d729ab1 (webtiles) character file.

Game seed: 10869869940511902992

36 SensoryNuts the Skirmisher (level 3, -5/29 HPs)
             Began as a Vampire Fighter on Dec 10, 2021.
             Slain by a worm (8 damage)
             ... on level 2 of the Dungeon.
             The game lasted 00:01:10 (689 turns).

SensoryNuts the Skirmisher (Vampire Fighter)         Turns: 689, Time: 00:01:11

Health: -5/29      AC:  6    Str: 16    XL:     3   Next: 19%
Magic:  3/3        EV:  6    Int: 10    God:
Gold:   64         SH:  9    Dex: 13    Spells: 2/2 levels left

rFire    . . .     SeeInvis +   a - +0 rapier
rCold    . . .     Faith    .   c - +0 kite shield
rNeg     . . .     Spirit   .   b - +0 scale mail
rPois    .         Reflect  .   (no helmet)
rElec    .         Harm     .   (no cloak)
rCorr    .         Rampage  .   (no gloves)
Will     .....                  (no boots)
Stlth    ..........             (no amulet)
HPRegen  0.29/turn              (no ring)
MPRegen  0.08/turn              (no ring)

@: lethally poisoned (-5 -> -8), healing quickly
A: alive, fangs 3, see invisible, vampiric 2
a: Exsanguinate


You were on level 2 of the Dungeon.
You visited 1 branch of the dungeon, and saw 2 of its levels.

You collected 64 gold pieces.

Inventory:

Hand Weapons
 a - a +0 rapier (weapon)
Armour
 b - a +0 scale mail (worn)
 c - a +0 kite shield (worn)
Magical Staves
 j - a staff of earth
Jewellery
 f - a ring of protection from fire
 i - a ring of protection from cold
Scrolls
 e - 2 scrolls of identify {unknown}
Potions
 d - a potion of might
 g - 2 potions of invisibility {unknown}
 h - a potion of mutation {unknown}


   Skills:
 + Level 3.2 Fighting
 + Level 2.8 Short Blades
 + Level 2.6 Armour
 + Level 0.1 Dodging
 + Level 3.0 Shields


You had 2 spell levels left.
You didn't know any spells.
Your spell library was empty.

Dungeon Overview and Level Annotations

Branches:
Dungeon (2/15)

Altars:


Innate Abilities, Weirdness & Mutations

Your natural rate of healing is accelerated.
You have razor-sharp teeth.
You have supernaturally acute eyesight. (SInv)
You are afflicted with vampirism and can become a bat while bloodless.


Message History

The adder bites you but does no damage. You block the worm's attack.
The hobgoblin barely misses you.
You miss the adder. The adder barely misses you. The adder closely misses you.
The hobgoblin hits you. The worm bites you.
You hit the adder.
The adder is moderately wounded.
The adder bites you. You block the hobgoblin's attack.
You block the adder's attack.
You closely miss the adder.
The adder is moderately wounded.
You block the adder's attack. The hobgoblin hits you.
You block the worm's attack.
You hit the adder.
The adder is heavily wounded.
The adder bites you.
The hobgoblin hits you but does no damage.
You block the adder's attack. The worm bites you.
The frilled lizard unfolds its giant frill.
You block the hobgoblin's attack.
Your shield and scale mail prevent you from hitting the worm.
You bite the worm, but do no damage. The adder bites you.
You are poisoned.
The adder poisons you! You block the frilled lizard's attack.
The hobgoblin hits you. You block the adder's attack.
The worm barely misses you.
You hit the worm.
The worm is moderately wounded.
You feel sick. The adder barely misses you.
The frilled lizard bites you but does no damage.
The hobgoblin hits you.
* * * LOW HITPOINT WARNING * * *
You hit the worm.
The worm is heavily wounded.
You feel sick. You block the adder's attack.
The frilled lizard barely misses you.
The hobgoblin hits you but does no damage.
The adder bites you.
* * * LOW HITPOINT WARNING * * *
The worm bites you!
You die...

#...## .. ......
.# #....###.#
#........# ..
#........######..
................
#.Sg......:...
+.w@..........
#.l...........
#.............
#.......#####
#.......###
#.....†...#
#####.....#
#.....# #.....#


You could see a worm, an adder, a hobgoblin and a frilled lizard.

Vanquished Creatures
  A gnoll (D:1)
  A ball python (D:1)
  2 endoplasms (D:1)
  2 giant cockroaches (D:1)
  3 goblins (D:1)
  7 hobgoblins (D:1)
  A quokka (D:1)
  2 frilled lizards (D:1)
  4 rats
23 creatures vanquished.

Notes
Turn   | Place    | Note
-------+----------+-------------------------------------------
     0 | D:1      | SensoryNuts the Vampire Fighter began the quest for the
                  | Orb.
     0 | D:1      | Reached XP level 1. HP: 17/17 MP: 1/1
    52 | D:1      | Reached XP level 2. HP: 18/24 MP: 2/2
   297 | D:1      | Gained mutation: You are afflicted with vampirism and can
                  | become a bat while bloodless. [Vampire growth]
   297 | D:1      | Reached XP level 3. HP: 29/29 MP: 3/3
   689 | D:2      | Slain by a worm

Illustrated notes

Levels and vault maps discovered:
D:1:      dpeg_arrival_stonehenge_8_columns, layout_rooms,
          minmay_misc_feat_square, minmay_close_crescents
D:2:      layout_basic, hellmonk_ecumenical_altar_watching_god,
          minmay_tromino_i2

Skill      XL: |  1  2 |
---------------+-------+-----
Fighting       | 3 |  3.2
Shields        | 3 |  3.0
Short Blades   | |  2.8
Armour         | |  2.6
Dodging        | |  0.1

Action                   || total
-------------------------++-------
Melee: Rapier            ||    69
       Bite              ||     5
Armor: Scale mail        ||    35
Dodge: Dodged            ||    18
Block: Kite shield       ||    36
